 Dungeon Crawl Stone Soup version 0.22-a0-248-gc8378ba (webtiles) character file.

44093 tilp the Spear-Bearer (level 14, -8/105 HPs)
             Began as a Merfolk Ice Elementalist on Feb 28, 2018.
             Was the Champion of Makhleb.
             Mangled by an ice devil (14 damage)
             ... summoned by an orc sorcerer
             ... while paralysed by an orc sorcerer
             ... on level 2 of the Orcish Mines.
             The game lasted 01:31:32 (27343 turns).

tilp the Spear-Bearer (Merfolk Ice Elementalist)   Turns: 27343, Time: 01:31:33

Health: -8/105     AC: 13    Str:  8    XL:     14   Next: 27%
Magic:  31/32      EV:  2    Int: 18    God:    Makhleb [******]
Gold:   1775       SH:  0    Dex: 16    Spells: 10/25 levels left

rFire    . . .     SeeInvis .   B - +2 trident (pierce)
rCold    . . .     Gourm    .   L - +0 buckler
rNeg     . . .     Faith    .   Z - +0 troll leather armour
rPois    .         Spirit   .   t - +2 helmet
rElec    .         Reflect  +   v - +2 cloak
rCorr    .         Harm     .   (no gloves)
MR       +....     Rnd*Rage +   g - +2 pair of boots
Stlth    ++........             k - +3 amulet of reflection
HPRegen  0.67/turn              A - ring of magical power
MPRegen  0.23/turn              r - +4 ring of evasion

@: paralysed, drained
A: change form in water, swift swim, stealthy swim, berserk 1
a: Minor Destruction, Lesser Servant of Makhleb, Major Destruction, Greater
Servant of Makhleb, Renounce Religion


You were on level 2 of the Orcish Mines.
You worshipped Makhleb.
Makhleb was exalted by your worship.
You were not hungry.

You visited 4 branches of the dungeon, and saw 22 of its levels.

You collected 2072 gold pieces.
You spent 297 gold pieces at shops.

Inventory:

Hand Weapons
 i - a cursed -3 trident
 B - a +2 trident of piercing (weapon)
 H - a cursed -1 bardiche
 Y - a +3 fustibalus of freezing
Missiles
 u - 106 sling bullets
 G - 32 tomahawks (quivered)
Armour
 e - the +1 ring mail "Lute" {+Inv rC- rN++ rCorr}
   (You found it on level 6 of the Dungeon)

   It makes you vulnerable to cold.
   It greatly protects you from negative energy.
   It lets you turn invisible.
   It protects you from acid and corrosion.
 g - a +2 pair of boots (worn)
 p - a +2 leather armour of fire resistance
 t - a +2 helmet (worn)
 v - a +2 cloak (worn)
 L - a +0 buckler (worn)
 Z - a +0 troll leather armour (worn)
Magical Staves
 Q - an uncursed staff of fire
 S - an uncursed staff of conjuration
 W - an uncursed staff of cold
Jewellery
 k - a +3 amulet of reflection (around neck)
 l - an uncursed amulet of faith
 r - a +4 ring of evasion (right hand)
 A - a ring of magical power (left hand)
 D - an uncursed ring of protection from fire
Wands
 n - a wand of paralysis (44)
 y - a wand of acid (6)
 P - a wand of disintegration (45)
 R - a wand of flame (18)
 U - a wand of enslavement (34)
Scrolls
 c - 2 scrolls of blinking
 m - 2 scrolls of fear
 q - 14 scrolls of teleportation
 s - 5 scrolls of fog
 w - a scroll of brand weapon
 z - 3 scrolls of enchant weapon
 M - 4 scrolls of remove curse
 O - a scroll of magic mapping
 V - 3 scrolls of amnesia
 X - a scroll of summoning
Potions
 a - a potion of ambrosia {unknown}
 d - 4 potions of agility
 f - 3 potions of haste
 h - 3 potions of mutation
 j - 2 potions of heal wounds
 o - 4 potions of flight
 C - a potion of might {unknown}
 F - 2 potions of resistance
 I - a potion of berserk rage
 J - 4 potions of curing
 N - a potion of magic {unknown}
Comestibles
 b - 36 rations


   Skills:
 - Level 8.1(7.5) Fighting
 - Level 14.0(13.4) Polearms
 - Level 8.3(7.7) Dodging
 - Level 4.0(3.5) Stealth
 - Level 4.1(3.6) Shields
 - Level 6.0(5.4) Spellcasting
 - Level 8.0(7.5) Conjurations
 - Level 6.0(5.4) Charms
 - Level 14.0(13.4) Ice Magic
 + Level 5.1(4.6) Invocations
 - Level 6.0(5.4) Evocations


You had 10 spell levels left.
You knew the following spells:

 Your Spells              Type           Power        Failure   Level  Hunger
a - Freeze                Ice            ####         1%          1    None
b - Throw Frost           Conj/Ice       #####.       1%          2    #......
c - Ozocubu's Armour      Chrm/Ice       #####...     1%          3    ##.....
d - Blink                 Tloc           N/A          28%         2    #......
e - Conjure Flame         Conj/Fire      ###.....     12%         3    ##.....
f - Throw Icicle          Conj/Ice       #####...     2%          4    ####...


Dungeon Overview and Level Annotations

Branches:
Dungeon (14/15)            Temple (1/1) D:6            Lair (5/6) D:8
  Swamp (0/4) Lair:3        Snake (0/4) Lair:2          Orc (2/2) D:12
    Elf (0/3) Orc:2
  Slime: Lair:5-6    Vaults: D:13-14

Altars:
Ashenzari
Cheibriados
Dithmenos
Elyvilon
Fedhas
Gozag
Hepliaklqana
Kikubaaqudgha
Makhleb
Nemelex Xobeh
Okawaru
Qazlal
Ru
Sif Muna
Trog
Uskayaw
Vehumet
Wu Jian
Xom
Yredelemnul
Zin
The Shining One
Beogh

Shops:
D:12 **   D:13 [   Orc:1 (

Annotations:
D:6 exclusion: phantom, Dowan, Duvessa
D:10 5 runed doors
Lair:1 exclusion: oklob plant
Lair:3 Autsider's ghost, journeyman GnSk


Innate Abilities, Weirdness & Mutations

You revert to your normal form in water.
You are very nimble and swift while swimming.
You are very stealthy in the water. (Stealth+)
You tend to lose your temper in combat.


Message History

The ice devil completely misses you.
You hit the orc sorcerer but do no damage.
The orc sorcerer is severely wounded.
The orc sorcerer mumbles some strange words.
You hit the orc sorcerer but do no damage.
The orc sorcerer is severely wounded.
Your hellwing hits the orc sorcerer but does no damage. x2
The ice devil hits you. The ice devil freezes you!
The orc sorcerer gestures at you while chanting.
You suddenly lose the ability to move!
The orange demon stings you.
The orange demon hits you but does no damage.
The sun demon hits you!
* * * LOW HITPOINT WARNING * * *
You are engulfed in flames!
* * * LOW HITPOINT WARNING * * *
The ice devil hits you.
* * * LOW HITPOINT WARNING * * *
The ice devil freezes you!
You die...

##...#........... ###
##...##...........
##.###..............#..
#....#..........#[.....
#........4.......#.....
#........o...<....)..[.
##....#....##.......)).
##....4o...#...)....[<[
#.....@3#.#............
##.....4...............
##.....[.......#......
##..#...#............
#......##...........
##....###..........#
##.####...........# ###
##............
##........#....


You could see a sun demon, an orange demon, an ice devil, 2 orc sorcerers and a
friendly hellwing.

Vanquished Creatures
  A centaur warrior (D:10)
  2 hydras
  Harold (Lair:3)
  3 two-headed ogres
  4 orc high priests
  An unseen horror (D:7)
  A deep elf mage (D:12)
  An ugly thing (D:10)
  An orc sorcerer (Orc:1)
  2 orc knights (Orc:1)
  6 elephants
  Joseph (D:7)
  A water nymph (shapeshifter) (D:10)
  3 black mambas
  8 spiny frogs
  9 komodo dragons
  3 rime drakes
  3 tyrant leeches (Lair:3)
  5 trolls
  2 polar bears
  2 hornets
  8 hippogriffs
  9 blink frogs
  6 wyverns
  21 yaks
  2 wraiths
  A hungry ghost (D:10)
  3 basilisks
  2 wargs (D:12)
  14 porcupines
  19 water moccasins
  A soldier ant (D:13)
  5 black bears
  2 sky beasts
  An ice beast (D:7)
  22 orc warriors
  2 phantoms (D:7)
  11 ogres
  2 necrophages
  7 centaurs
  8 wolves
  4 crocodiles
  4 big kobolds
  17 bullfrogs
  A gnoll sergeant (D:10)
  A wyvern zombie (D:12)
  A wyvern skeleton (D:9)
  3 scorpions
  18 killer bees
  4 wights (D:7)
  3 howler monkeys (D:9)
  5 crimson imps
  A quasit (D:9)
  9 hounds
  21 orc wizards
  2 bullfrog skeletons
  A jelly (D:6)
  10 orc priests
  3 centaur skeletons
  3 iguanas
  6 hell rats (Lair:1)
  7 worker ants
  Natasha (D:4)
  Terence (D:3)
  2 hound skeletons
  Robin (D:3)
  A worker ant zombie (D:5)
  10 gnolls
  21 adders
  2 river rats (Lair:1)
  An adder skeleton (D:5)
  2 worms
  A dart slug (D:1)
  2 leopard geckos
  51 orcs
  4 giant cockroaches
  12 goblins
  7 hobgoblins
  19 jackals
  18 kobolds
  A quokka (D:6)
  4 bats
  2 frilled lizards
  A jackal skeleton (D:7)
  A leopard gecko skeleton (D:6)
  A quokka skeleton (D:4)
  10 rats
  A plant (Lair:3)
507 creatures vanquished.

Vanquished Creatures (collateral kills)
  An orc high priest (D:12)
  An orc knight (Orc:1)
  A troll (D:12)
  An orc warrior (D:12)
4 creatures vanquished.

Vanquished Creatures (others)
  An orc wizard (D:8)
  9 fungi
  14 plants
24 creatures vanquished.

Grand Total: 535 creatures vanquished

Notes
Turn   | Place    | Note
-------+----------+-------------------------------------------
     0 | D:1      | tilp the Merfolk Ice Elementalist began the quest for the Orb.
     0 | D:1      | Reached XP level 1. HP: 13/13 MP: 3/3
   206 | D:1      | Reached XP level 2. HP: 17/19 MP: 3/5
   210 | D:1      | Learned a level 2 spell: Throw Frost
   946 | D:2      | Reached XP level 3. HP: 21/24 MP: 3/6
   951 | D:2      | Learned a level 3 spell: Ozocubu's Armour
  1039 | D:2      | Found a faded altar of an unknown god.
  1596 | D:3      | Reached skill level 5 in Ice Magic
  1638 | D:3      | Noticed Terence
  1649 | D:3      | Reached XP level 4. HP: 24/30 MP: 2/7
  2174 | D:3      | Killed Terence
  2174 | D:3      | Reached XP level 5. HP: 19/35 MP: 3/8
  2349 | D:3      | Noticed Robin
  2360 | D:3      | Killed Robin
  2847 | D:4      | Noticed an ogre
  3235 | D:4      | Reached XP level 6. HP: 41/41 MP: 6/9
  3825 | D:4      | Noticed Natasha
  3831 | D:4      | Killed Natasha
  3916 | D:4      | HP: 2/41 [ogre/giant club (25)]
  4239 | D:4      | Reached XP level 7. HP: 35/51 MP: 0/10
  4372 | D:5      | Entered Level 5 of the Dungeon
  5146 | D:5      | Found a sacrificial altar of Ru.
  5960 | D:5      | Reached skill level 5 in Dodging
  5960 | D:5      | Reached XP level 8. HP: 22/60 MP: 0/11
  6350 | D:6      | Found a shadowy altar of Dithmenos.
  6543 | D:6      | Noticed Duvessa
  6543 | D:6      | Noticed Dowan
  6652 | D:6      | Found a glowing silver altar of Zin.
  6659 | D:6      | Found a staircase to the Ecumenical Temple.
  6691 | Temple   | Entered the Ecumenical Temple
  6787 | Temple   | Became a worshipper of Makhleb the Destroyer
  6878 | D:6      | Reached skill level 1 in Invocations
  7100 | D:6      | Found a faded altar of an unknown god.
  7100 | D:6      | Found a basalt altar of Yredelemnul.
  7109 | D:6      | Found a blossoming altar of Fedhas.
  7111 | D:6      | Found a faded altar of an unknown god.
  7112 | D:6      | Found a glowing golden altar of the Shining One.
  7179 | D:6      | Got a brightly glowing ring mail
  7758 | D:7      | Noticed a hippogriff
  7797 | D:7      | Killed a hippogriff
  7874 | D:7      | Reached skill level 5 in Polearms
  8023 | D:7      | Reached XP level 9. HP: 65/65 MP: 10/12
  8204 | D:7      | Reached * piety under Makhleb
  8416 | D:7      | Noticed Joseph
  8683 | D:7      | Found a blossoming altar of Fedhas.
  8859 | D:7      | Killed an unseen horror
  8859 | D:7      | Reached skill level 10 in Polearms
  9998 | D:7      | Reached XP level 10. HP: 71/71 MP: 10/13
 10267 | D:8      | Found a staircase to the Lair.
 10430 | D:7      | Killed Joseph
 10783 | D:8      | Reached skill level 1 in Shields
 11035 | D:8      | Reached ** piety under Makhleb
 11312 | D:8      | Found an iron altar of Okawaru.
 12104 | D:9      | Reached skill level 10 in Ice Magic
 12131 | D:9      | Reached XP level 11. HP: 77/77 MP: 12/15
 12358 | D:9      | Learned a level 2 spell: Blink
 12362 | D:9      | Learned a level 3 spell: Conjure Flame
 12387 | D:9      | Found a bloodstained altar of Trog.
 12399 | D:9      | Reached skill level 1 in Conjurations
 12732 | D:9      | Reached *** piety under Makhleb
 12840 | D:9      | Found an ornate altar of the Wu Jian Council.
 12847 | D:9      | Found a sparkling altar of Nemelex Xobeh.
 12874 | D:9      | Noticed a two-headed ogre
 13154 | D:9      | Killed a two-headed ogre
 13170 | D:9      | Learned a level 4 spell: Throw Icicle
 13231 | D:10     | Entered Level 10 of the Dungeon
 13315 | D:10     | Reached skill level 1 in Charms
 13349 | D:10     | Noticed a centaur warrior
 13353 | D:10     | Noticed a green ugly thing
 13654 | D:10     | Killed a green ugly thing
 13892 | Lair:1   | Entered Level 1 of the Lair of Beasts
 13892 | Lair:1   | Noticed a five-headed hydra
 13899 | Lair:1   | Killed a five-headed hydra
 14775 | Lair:1   | Noticed an oklob plant
 14795 | Lair:1   | Reached XP level 12. HP: 83/83 MP: 12/18
 15553 | Lair:2   | Reached **** piety under Makhleb
 16147 | Lair:2   | Found a staircase to the Snake Pit.
 16711 | Lair:1   | Reached skill level 5 in Fighting
 17811 | Lair:3   | Noticed Harold
 17970 | Lair:3   | Reached XP level 13. HP: 98/98 MP: 10/19
 18079 | Lair:3   | Noticed Autsider's ghost (journeyman GnSk)
 18156 | Lair:3   | Reached ***** piety under Makhleb
 18624 | Lair:3   | Found a staircase to the Swamp.
 18784 | Lair:3   | Killed Harold
 18784 | Lair:3   | Reached skill level 5 in Spellcasting
 20060 | Lair:4   | Reached skill level 5 in Conjurations
 22064 | D:10     | Found a runed gate.
 22064 | D:10     | Found a runed gate.
 22065 | D:10     | Found a runed gate.
 22071 | D:10     | Found a runed door.
 22187 | D:10     | Found the +9 staff of Olgreb {rPois}
 22211 | D:10     | Found a runed door.
 23227 | D:12     | Found Dugif's Assorted Antiques.
 23320 | D:12     | Bought 3 scrolls of identify for 162 gold pieces
 23320 | D:12     | Bought a peridot ring for 135 gold pieces
 23368 | D:11     | Identified the +1 ring mail "Lute" {+Inv rC- rN++ rCorr} (You found it on level 6 of the Dungeon)
 23459 | D:12     | Found Joboucev's Assorted Antiques.
 23650 | D:12     | Reached skill level 5 in Charms
 23818 | D:12     | Found Buewk's Distillery.
 23864 | D:12     | Found a staircase to the Orcish Mines.
 24064 | D:12     | You fall through a shaft for 2 floors!
 24201 | D:13     | Reached skill level 1 in Evocations
 24239 | D:13     | Found Jeh Woi's Armour Shoppe.
 24474 | Orc:1    | Entered Level 1 of the Orcish Mines
 24513 | D:12     | Reached XP level 14. HP: 105/105 MP: 23/23
 24694 | Orc:1    | Found a roughly hewn altar of Beogh.
 24852 | Orc:1    | Reached ****** piety under Makhleb
 25162 | Orc:2    | Entered Level 2 of the Orcish Mines
 25289 | Orc:1    | Found Loofuirosy's Antique Weapon Shoppe.
 25574 | Orc:2    | Found a staircase to the Elven Halls.
 25759 | Orc:1    | Reached skill level 5 in Evocations
 25809 | Orc:2    | Gained mutation: You tend to lose your temper in combat. [a neqoxec]
 27020 | Orc:2    | Reached skill level 5 in Invocations
 27085 | Orc:2    | Paralysed by an orc sorcerer for 5 turns
 27109 | Orc:2    | Paralysed by an orc sorcerer for 5 turns
 27342 | Orc:2    | Paralysed by an orc sorcerer for 4 turns
 27343 | Orc:2    | Mangled by an ice devil

Vault maps used:
D:1:      dpeg_arrival_three_smaller_balls, corner_web_ring, moated_statue
D:2:      chequers_ecumenical_altar_simple_redux, first_ration
D:3:      uniq_terence, uniq_robin
D:4:      moated_statue, uniq_natasha
D:5:      nicolae_ru_path_of_blood
D:6:      chequers_temple_overflow_minitemple, temple_fountains, basic_altar,
          grunt_dithmenos_shadows, uniq_duvessa
D:7:      minmay_the_grid_four_pointed_star, uniq_joseph
D:8:      overflow_temple_1_default, minmay_lair_entry_grove,
          blue_anna_alchemist
D:9:      amethyst_overflow_temple_binary, trog_ov_bears_minmay
D:10:     minmay_curly_fans, minmay_guarded_unrand_staff_of_olgreb
D:12:     david_orc_3, serial_shops, shop, shop, shop
D:13:     hangedman_vaults_entry_quadrant_bands, serial_shops, shop,
          solitary_fountain, uniq_rupert
D:14:     minivault_26, roderic_roman_lattice, columned_hall_lemuel, uniq_kirke
Temple:   compressed_dpeg_circular_temple
Lair:1:   kennysheep_abandoned_house, minmay_lair_oklob_chamber,
          grunt_megastairs_2
Lair:2:   minmay_snake_entry_six_corridors, infiniplex_staircase_pool_2,
          grunt_megastairs_3
Lair:3:   minmay_swamp_entry_worms, grunt_megastairs_5, uniq_harold
Lair:4:   beast_lair_carwin_10
Orc:1:    serial_shops, nicolae_shop_overgrown_old_shop, basic_altar
Orc:2:    st_orc_elflike

Skill      XL: |  1  2  3  4  5  6  7  8  9 10 11 12 13 14 |
---------------+-------------------------------------------+-----
Ice Magic      | 4 5 6 7 8 10 11 14 | 14.0
Fighting       | 2 4 8 |  8.1
Dodging        | 5 6 8 |  8.3
Stealth        | 4 |  4.0
Invocations    | 4 5 |  5.1
Polearms       | 5 12 14 | 14.0
Shields        | 4 |  4.1
Spellcasting   | 4 6 |  6.0
Conjurations   | 4 8 |  8.0
Charms         | 4 6 |  6.0
Evocations     | 2 6 |  6.0

Action                   |  1- 3 |  4- 6 |  7- 9 | 10-12 | 13-15 || total
-------------------------+-------+-------+-------+-------+-------++-------
Melee: Dagger            |       |   100 |   179 |       |       ||   279
       Trident           |       |       |   152 |   952 |  1132 ||  2236
       Tailslap          |       |       |       |       |     1 ||     1
Throw: Stone             |    57 |    55 |    12 |     3 |       ||   127
       Tomahawk          |       |       |       |     9 |     2 ||    11
 Cast: Freeze            |    28 |    87 |   146 |   221 |   132 ||   614
       Ozocubu's Armour  |       |     6 |    29 |    57 |    52 ||   144
       Throw Frost       |       |     1 |       |     1 |       ||     2
       Conjure Flame     |       |       |       |    27 |    15 ||    42
       Throw Icicle      |       |       |       |     1 |     8 ||     9
       Blink             |       |       |       |     1 |       ||     1
Invok: Lesser Servant of |       |       |       |       |     7 ||     7
Evoke: Wand              |       |       |       |       |     2 ||     2
  Use: Scroll            |     9 |       |     5 |     5 |     9 ||    28
       Potion            |       |       |       |     3 |     4 ||     7
 Stab: Sleeping          |       |       |     5 |     3 |     7 ||    15
       Held in net/web   |       |       |       |       |     2 ||     2
  Eat: Chunk             |     3 |    10 |    14 |    30 |    26 ||    83
       Ration            |       |       |     3 |     2 |     3 ||     8
Armor: Robe              |     1 |    54 |   123 |   182 |    55 ||   415
       Troll leather arm |       |       |       |       |   130 ||   130
       Skin              |       |       |       |       |    23 ||    23
Dodge: Dodged            |    14 |    79 |   280 |   524 |   598 ||  1495
Block: Other             |     1 |    19 |    38 |    24 |       ||    82
       Reflection        |       |     4 |     2 |     3 |     7 ||    16
       Buckler           |       |       |       |   251 |   344 ||   595

Table legend:
 A = Spawn XP
 B = Non-spawn XP
 C = Spawn XP percentage of total XP
 D = Spawn monster count
 E = Non-spawn monster count
 F = Spawn count percentage of total count
 G = Total turns spent on level
                    A         B        C        D         E        F      G
               +---------+---------+-------+---------+---------+-------+---------
         Total |       0 |   62990 |   0.0 |       0 |     511 |   0.0 | 27343
               +---------+---------+-------+---------+---------+-------+---------
           D:1 |       0 |      27 |   0.0 |       0 |      15 |   0.0 |   810
           D:2 |       0 |      19 |   0.0 |       0 |       4 |   0.0 |   620
           D:3 |       0 |     171 |   0.0 |       0 |      27 |   0.0 |  1289
           D:4 |       0 |     498 |   0.0 |       0 |      20 |   0.0 |  1653
           D:5 |       0 |     516 |   0.0 |       0 |      20 |   0.0 |  1714
           D:6 |       0 |     760 |   0.0 |       0 |      16 |   0.0 |  1863
           D:7 |       0 |    3724 |   0.0 |       0 |      40 |   0.0 |  2645
           D:8 |       0 |    3126 |   0.0 |       0 |      37 |   0.0 |  1371
           D:9 |       0 |    3872 |   0.0 |       0 |      30 |   0.0 |  1414
          D:10 |       0 |    4814 |   0.0 |       0 |      47 |   0.0 |  1920
          D:11 |       0 |    1637 |   0.0 |       0 |      20 |   0.0 |   645
          D:12 |       0 |    6620 |   0.0 |       0 |      49 |   0.0 |  1110
          D:13 |       0 |     193 |   0.0 |       0 |       2 |   0.0 |   239
        Lair:1 |       0 |    9068 |   0.0 |       0 |      45 |   0.0 |  2425
        Lair:2 |       0 |    7917 |   0.0 |       0 |      41 |   0.0 |  1653
        Lair:3 |       0 |    5138 |   0.0 |       0 |      15 |   0.0 |  1132
        Lair:4 |       0 |    3819 |   0.0 |       0 |      18 |   0.0 |  1124
        Lair:5 |       0 |    4346 |   0.0 |       0 |      17 |   0.0 |   877
         Orc:1 |       0 |    3003 |   0.0 |       0 |      24 |   0.0 |  1344
         Orc:2 |       0 |    3722 |   0.0 |       0 |      24 |   0.0 |  1289
               +---------+---------+-------+---------+---------+-------+---------
